 Dungeon Crawl Stone Soup version 0.31-a0-182-gc5ef74bbde (webtiles) character file.

Game seed: 3919631102541653654

44 Moral the Shield-Bearer (level 3, 0/36 HPs)
             Began as a Troll Fighter on June 22, 2023.
             Succumbed to a goblin's poison
             ... on level 2 of the Dungeon.
             The game lasted 00:02:03 (444 turns).

Moral the Shield-Bearer (Troll Fighter)              Turns: 444, Time: 00:02:04

Health: 0/36       AC:  4    Str: 26    XL:     3   Next: 41%
Magic:  2/2        EV:  9    Int:  4    God:
Gold:   41         SH:  7    Dex:  9    Spells: 2/2 levels left

rFire   . .          .
                       - Unarmed
rCold   . . .        b - +0 kite shield
rNeg    . . .        a - +0 robe
rPois   .            (helmet restricted)
rElec   .            (no cloak)
rCorr   .            (gloves unavailable)
SInv    .            (boots unavailable)
Will    .....        (no amulet)
Stlth   +            (no ring)
HPRegen 1.06/turn    (no ring)
MPRegen 0.08/turn

%: no passive effects
@: lethally poisoned (0 -> -4)
A: large, unfitting armour, claws 3, regeneration 1, shaggy fur 1, tough skin 1
a: no special abilities


You were on level 2 of the Dungeon.
You visited 1 branch of the dungeon, and saw 2 of its levels.

You collected 41 gold pieces.

Inventory:

Armour
 a - a +0 robe (worn)
 b - a +0 kite shield (worn)
Scrolls
 d - a scroll of teleportation {unknown}
 f - a scroll of revelation {unknown}
 g - a scroll of immolation {unknown}
 h - a scroll of blinking {unknown}
Potions
 c - a potion of might
 e - a potion of degeneration {unknown}
 i - a potion of haste {unknown}
 j - a potion of brilliance {unknown}


   Skills:
 + Level 2.7 Fighting
 + Level 2.8 Dodging
 + Level 3.1 Shields
 + Level 2.6 Unarmed Combat


You had 2 spell levels left.
You didn't know any spells.
Your spell library was empty.

Dungeon Overview and Level Annotations

Branches:
Dungeon (2/15)

Altars:

Annotations:
D:2 Robin


Innate Abilities, Weirdness & Mutations

You are too large for most types of armour.
You have claws for hands.
Your natural rate of healing is unusually fast.
You are covered in fur. (AC +1)
You have tough skin. (AC +1)


Message History

Robin throws the goblin at you! The goblin hits you with a +0 dagger.
The goblin unwields a +0 sling.
The goblin wields a +0 club.
You block the goblin's attack.
Things that are here:
a +0 dagger; a +0 dagger; a +0 dagger You closely miss the goblin.
The goblin hits you with a +0 dagger.
You closely miss the goblin. The goblin hits you with a +0 club.
The goblin closely misses you.
You barely miss the goblin.
The goblin no longer looks unusually strong.
The goblin hits you with a +0 club. The goblin hits you but does no damage.
The goblin completely misses you.
You miss the goblin. You block the goblin's attack.
The goblin hits you but does no damage.
You closely miss the goblin. The goblin closely misses you.
The goblin hits you with a +0 club.
You closely miss the goblin.
Robin roars a battlecry!
The goblin goes into a battle-frenzy!
The goblin hits you with a +0 dagger. The goblin hits you but does no damage.
You claw the goblin!
You kill the goblin!
Robin throws the goblin at you! The goblin closely misses you.
The goblin hits you with a +0 club.
You barely miss the goblin.
The goblin no longer looks unusually strong.
You block the goblin's attack. The goblin hits you with a +0 club.
* * * LOW HITPOINT WARNING * * *
You barely miss the goblin.
The goblin no longer looks unusually strong.
Robin points. "Kill!"
Robin roars a battlecry!
The goblins go into a battle-frenzy!
The goblin hits you with a +2 dagger of venom.
* * * LOW HITPOINT WARNING * * *
You are lethally poisoned!
You block the goblin's attack.
You claw the goblin!
You kill the goblin!
You die...

####### ##gg@).#
####.g###...#
#########.....# .#.#
##.....#.#)##..# .#
#
...........##.>....#
....g..)..g##.##..##
.#.###....###.# #.#
.#.......## #.# .#
<........# #.# #


You could see Robin and 2 goblins.

Vanquished Creatures
  A dart slug (D:2)
  5 ball pythons (D:1)
  5 endoplasms (D:1)
  A giant cockroach (D:1)
  2 hobgoblins
  A quokka (D:1)
  2 frilled lizards (D:1)
  11 goblins
  10 kobolds
  2 rats (D:1)
40 creatures vanquished.

Notes
Turn   | Place    | Note
-------+----------+-------------------------------------------
     0 | D:1      | Moral the Troll Fighter began the quest for the Orb.
     0 | D:1      | Reached XP level 1. HP: 22/22 MP: 0/0
    84 | D:1      | Reached XP level 2. HP: 27/29 MP: 1/1
   280 | D:1      | Reached skill level 3 in Shields
   312 | D:1      | Reached XP level 3. HP: 35/36 MP: 2/2
   385 | D:2      | Noticed Robin
   444 | D:2      | Succumbed to a goblin's poison

Illustrated notes

Levels and vault maps discovered:
D:1:      dpeg_arrival_simpleton_a, layout_loops_ring, kennysheep_doodads,
          hangedman_decor_opposing
D:2:      layout_loops_corners, minmay_octomino_e4, uniq_robin

Skill      XL: |  1  2 |
---------------+-------+-----
Shields        | 3 |  3.1
Fighting       | |  2.7
Dodging        | |  2.8
Unarmed Combat | |  2.6

Action                     || total
---------------------------++-------
  Melee: Unarmed           ||    94
 Armour: Robe              ||    39
  Dodge: Dodged            ||    39
  Block: Kite shield       ||    42

Table legend: (Time is in decaauts)
 A = Elapsed time spent in this place.
 B = Non-inter-level travel time spent in this place.
 C = Inter-level travel time spent in this place.
 D = Time resting spent in this place.
 E = Time spent auto-exploring this place.
 F = Levels seen in this place.
 G = Mean time per level.
                   A        B        C        D        E       F      G
               +--------+--------+--------+--------+--------+-----+--------+
         Total |    450 |    433 |     17 |      0 |    190 |   2 |  225.0 |
       Dungeon |    450 |    433 |     17 |      0 |    190 |   2 |  225.0 |
               +--------+--------+--------+--------+--------+-----+--------+

Top non-repeatable levels by time:
     D:1: 352 daAuts
     D:2: 98 daAuts
